 Dungeon Crawl Stone Soup version 0.27-a0-1590-g15f69828bf (webtiles) character file.

Game seed: 7229908536350969833

56 Zonian the Conjurer (level 3, -6/16 HPs)
             Began as a Vine Stalker Conjurer on July 18, 2021.
             Mangled by a worm (8 damage)
             ... on level 3 of the Dungeon.
             The game lasted 00:02:14 (3507 turns).

Zonian the Conjurer (Vine Stalker Conjurer)         Turns: 3507, Time: 00:02:14

Health: -6/16      AC:  3    Str:  9    XL:     3   Next: 97%
Magic:  0/7        EV: 12    Int: 18    God:
Gold:   65         SH:  0    Dex: 13    Spells: 6/7 levels left

rFire    . . .     SeeInvis .   b - +0 short sword
rCold    . . .     Faith    .   (no shield)
rNeg     . . .     Spirit   +   a - +0 robe
rPois    +         Reflect  .   (no helmet)
rElec    .         Harm     .   (no cloak)
rCorr    .         Rampage  .   (no gloves)
Will     .....                  j - +0 pair of boots
Stlth    ++........             (no amulet)
HPRegen  0.05/turn              c - ring of poison resistance
MPRegen  0.10/turn              (no ring)

@: no status effects
A: fangs 2, magic shield, antimagic bite, no potion heal 2
a: no special abilities


You were on level 3 of the Dungeon.
You visited 1 branch of the dungeon, and saw 3 of its levels.

You collected 65 gold pieces.

Inventory:

Hand Weapons
 b - a +0 short sword (weapon)
Armour
 a - a +0 robe (worn)
 j - a +0 pair of boots (worn)
Jewellery
 c - a ring of poison resistance (left hand)
Wands
 i - a wand of iceblast (8)
 k - a wand of mindburst (8)
Potions
 d - a potion of haste
 e - a potion of attraction {unknown}
 g - a potion of heal wounds {unknown}
 h - a potion of brilliance {unknown}


   Skills:
 + Level 0.1 Fighting
 + Level 1.9 Dodging
 + Level 3.3 Stealth
 + Level 2.5 Spellcasting
 + Level 4.7 Conjurations


You had 6 spell levels left.
You knew the following spells:

 Your Spells              Type           Power      Damage    Failure   Level
a - Magic Dart            Conj           76%        1d6       2%          1

Your spell library contained the following spells:

 Spells                   Type           Power      Damage    Failure   Level
 Searing Ray              Conj           38%        3d4       3%          2
 Dazzling Flash           Conj/Hex       20%        N/A       21%         3
 Fulminant Prism          Conj/Hex       5%         3d7       54%         4
 Iskenderun's Mystic Bla  Conj/Tloc      10%        2d4       54%         4


Dungeon Overview and Level Annotations

Branches:
Dungeon (3/15)

Altars:

Shops:
D:1 (


Innate Abilities, Weirdness & Mutations

You have extremely sharp teeth.
When hurt, damage is shared between your health and your magic reserves.
Your bite disrupts and absorbs the magic of your enemies.
Potions cannot restore your health.


Message History

The worm is moderately wounded.
You miscast Magic Dart.
You are very lightly contaminated with residual magic.
Nothing appears to happen.
The magic dart hits the worm.
The worm is moderately wounded.
The magic dart hits the worm.
The worm is moderately wounded.
The magic dart hits the worm.
The worm is severely wounded.
You are too depleted to draw on your mana recklessly!
You are too depleted to draw on your mana recklessly!
You are too depleted to draw on your mana recklessly!
Unknown command.
Your magical contamination has completely faded away.
There is a stone staircase leading up here.
You start resting.
A worm is nearby!
A worm is nearby!
Unknown command.
The magic dart hits the worm.
The worm is severely wounded.
You are too depleted to draw on your mana recklessly!
You are too depleted to draw on your mana recklessly!
Unknown command.
You hit the worm. Your bite misses the worm.
The worm is severely wounded.
The worm bites you!
Ouch! That really hurt!
You hit the worm.
The worm is almost dead.
You barely miss the worm. You bite the worm, but do no damage.
The worm is almost dead.
The worm bites you.
* * * LOW HITPOINT WARNING * * *
You completely miss the worm. You bite the worm, but do no damage.
The worm is severely wounded.
The worm bites you!
Ouch! That really hurt!
You die...

# .## ....
.8...
#####..$..#
##.@w.#
#<.8..#
##...##
#####


You could see a worm.

Vanquished Creatures
  A worm (D:2)
  4 dart slugs
  4 endoplasms
  4 giant cockroaches
  3 goblins
  3 hobgoblins
  7 jackals (D:1)
  5 kobolds
  3 quokkas
  2 ball pythons
  A bat (D:1)
  2 frilled lizards
  2 rats
41 creatures vanquished.

Notes
Turn   | Place    | Note
-------+----------+-------------------------------------------
     0 | D:1      | Zonian the Vine Stalker Conjurer began the quest for the
                  | Orb.
     0 | D:1      | Reached XP level 1. HP: 9/9 MP: 4/4
   272 | D:1      | Found Noyla's Weapon Shoppe.
   474 | D:1      | Found a faded altar of an unknown god.
   598 | D:1      | Reached XP level 2. HP: 13/13 MP: 4/6
  1200 | D:1      | Reached XP level 3. HP: 16/16 MP: 0/7
  3507 | D:3      | Mangled by a worm

Illustrated notes

Levels and vault maps discovered:
D:1:      pf_arrival_petrified_forest, layout_loops_ring,
          shapermc_ecumenical_altar_ellora, serial_shops, shop,
          minmay_tromino_v4_c
D:2:      layout_loops_ring, grunt_decor_one_mirror
D:3:      layout_basic, grunt_ministairs_4, due_unseen_surprise

Skill      XL: |  1  2  3 |
---------------+----------+-----
Stealth        | 3 |  3.3
Fighting       | |  0.1
Dodging        | |  1.9
Spellcasting   | |  2.5
Conjurations   | |  4.7

Action                   || total
-------------------------++-------
Melee: Short sword       ||    34
       Bite              ||     6
 Cast: Magic Dart        ||    96
  Use: Scroll            ||     1
 Stab: Sleeping          ||     1
Armor: Robe              ||     8
Dodge: Dodged            ||    26

Table legend: (Time is in decaauts)
 A = Elapsed time spent in this place.
 B = Non-inter-level travel time spent in this place.
 C = Inter-level travel time spent in this place.
 D = Time resting spent in this place.
 E = Time spent auto-exploring this place.
 F = Levels seen in this place.
 G = Mean time per level.
                   A        B        C        D        E       F      G
               +--------+--------+--------+--------+--------+-----+--------+
         Total |   3508 |   3447 |     61 |   1439 |   1780 |   3 | 1169.3 |
       Dungeon |   3508 |   3447 |     61 |   1439 |   1780 |   3 | 1169.3 |
               +--------+--------+--------+--------+--------+-----+--------+

Top non-repeatable levels by time:
     D:1: 1946 daAuts
     D:2: 1539 daAuts
     D:3: 23 daAuts
